 Dungeon Crawl Stone Soup version 0.29.0-4-gdea44cf6ec (webtiles) character file.

Game seed: 17246189295342254646

1008 qw the Cleaver (level 8, -1/48 HPs)
             Began as a Tengu Warper on Aug 28, 2022.
             Slain by Edmund
             ... wielding a +4 flail of protection
              (9 damage)
             ... on level 4 of the Dungeon.
             The game lasted 00:00:25 (4413 turns).

qw the Cleaver (Tengu Warper)                       Turns: 4413, Time: 00:00:25

Health: -1/48      AC:  8    Str: 13    XL:     8   Next: 20%
Magic:  12/12      EV: 13    Int: 14    God:
Gold:   262        SH:  0    Dex: 14    Spells: 11/11 levels left

rFire   . . .      SeeInvis .   Y - +0 hand axe (flame)
rCold   . . .      Faith    .   (no shield)
rNeg    . . .      Spirit   .   l - +2 ring mail {Will+}
rPois   .          Reflect  .   (helmet restricted)
rElec   .          Harm     .   (no cloak)
rCorr   .          Rampage  .   h - +0 pair of gloves
Will    +....                   (boots unavailable)
Stlth   +.........              d - amulet of regeneration
HPRegen 0.96/turn               (no ring)
MPRegen 0.13/turn               (no ring)

@: about to teleport, flying quickly and evasively, quick
A: beak, talons 3, nimble flight
a: no special abilities


You were on level 4 of the Dungeon.
You visited 1 branch of the dungeon, and saw 4 of its levels.

You collected 262 gold pieces.


Innate Abilities, Weirdness & Mutations

You have a beak for a mouth.
You have claws for feet.
Your magical nature lets you fly swiftly and evasively.


   Skills:
 - Level 4.5 Fighting
 + Level 8.9 Axes
 - Level 1.4 Throwing
 - Level 1.1 Armour
 - Level 3.2 Dodging
 - Level 2.0 Spellcasting
 - Level 2.4 Translocations


You had 11 spell levels left.
You didn't know any spells.
Your spell library contained the following spells:

 Spells                   Type           Power      Damage    Failure   Level
 Blink                    Tloc           16%        N/A       28%         2
 Gell's Gravitas          Tloc           8%         N/A       50%         3
 Lesser Beckoning         Tloc           8%         N/A       50%         3
 Teleport Other           Tloc           8%         N/A       50%         3
 Manifold Assault         Tloc           8%         N/A       99%         5

Inventory:

Hand Weapons
 Y - a +0 hand axe of flaming (weapon)
Armour
 h - a +0 pair of gloves (worn)
 l - a +2 ring mail of willpower (worn)
Jewellery
 d - an amulet of regeneration (around neck)
 r - a +6 ring of intelligence
Scrolls
 g - 2 scrolls of teleportation
 n - 2 scrolls of identify
 q - a scroll of magic mapping {unknown}
Potions
 a - a potion of ambrosia {unknown}
 b - a potion of resistance {unknown}
 c - a potion of might
 e - a potion of heal wounds {unknown}
 f - a potion of attraction {unknown}
 i - a potion of haste {unknown}
 j - a potion of berserk rage {unknown}
 k - a potion of curing {unknown}
 m - a potion of magic {unknown}
 o - a potion of degeneration {unknown}
 p - a potion of mutation {unknown}

Dungeon Overview and Level Annotations

Branches:
Dungeon (4/15)
 Temple: D:4-7

Altars:
Yredelemnul

Annotations:
D:4 Edmund


Message History

You miss Natasha.
The crimson imp blinks!
The adder bites you. Natasha barely misses you.
You slash the adder! You burn the adder.
You kill the adder!
You barely miss Natasha. Natasha barely misses you.
You closely miss Natasha. Your kick misses Natasha. You peck Natasha.
Natasha is lightly wounded.
You hit Natasha but do no damage. Your kick misses Natasha.
Natasha is lightly wounded.
Natasha barely misses you.
You hit Natasha. You burn Natasha. You peck Natasha.
Natasha is severely wounded.
Natasha barely misses you.
You slash Natasha! You burn Natasha.
You kill Natasha!
Natasha screams in fury as she dies!
The crimson imp disappears in a puff of smoke! x2
You start resting.
HP restored.
You now have 262 gold pieces (gained 11).
Edmund the Younger comes into view.
He is wielding a +4 flail of protection.
You hit Edmund but do no damage.
Edmund hits you with a +4 flail of protection!
You closely miss Edmund.
Edmund hits you with a +4 flail of protection!
You hit Edmund but do no damage. You claw Edmund, but do no damage.
Edmund hits you with a +4 flail of protection!
You hit Edmund but do no damage. You claw Edmund.
You peck Edmund, but do no damage. Your punch misses Edmund.
Edmund is lightly wounded.
Edmund closely misses you.
You hit Edmund but do no damage. Your peck misses Edmund.
Edmund is lightly wounded.
Edmund hits you with a +4 flail of protection!
4413 ||| READING 3 scrolls of teleportation.
As you read the scroll of teleportation, it crumbles to dust.
You feel strangely unstable.
Edmund hits you with a +4 flail of protection!
You die...

##)..###.......... ##.##
########... .##########
#####.# #. .........# #.....#
#.# #.......### #.##### #.#
#......... #.# #.# #.......#
#.## ##.###...@...# ## #..##
#####...######@#.#...####...##
...........'.........+.......#
####...####...%.....####...##
#.......###.......## #..##
#.##.##.# ##.....## ###.##
#.##.##.# ##...## #...#
#.#...#.# #+## #.### #..#.#..#
#.# #.# #.#...#.# #.# #.#


You could see Edmund.

Vanquished Creatures
  Grinder (D:3)
  Sigmund (D:2)
  An ogre (D:3)
  2 necrophages (D:4)
  2 orc priests (D:3)
  7 orc wizards
  Natasha (D:4)
  3 gnolls (D:2)
  5 adders
  3 worms (D:3)
  5 dart slugs
  11 orcs
  3 bats
  3 endoplasms
  5 giant cockroaches
  7 hobgoblins
  11 jackals
  6 kobolds
  6 quokkas (D:1)
  5 ball pythons
  2 frilled lizards (D:3)
  4 goblins
  4 rats
98 creatures vanquished.

Vanquished Creatures (others)
  20 plants (D:2)
20 creatures vanquished.

Grand Total: 118 creatures vanquished

Notes
Turn   | Place    | Note
-------+----------+-------------------------------------------
     0 | D:1      | qw the Tengu Warper began the quest for the Orb.
     0 | D:1      | Reached XP level 1. HP: 12/12 MP: 4/4
     0 | D:1      | 0 ||| qw: Version: 0.1-a-89-g26bdef1
     0 | D:1      | 0 ||| qw: Game counter: 2788
     0 | D:1      | 0 ||| qw: Always use a shield: true
     0 | D:1      | 0 ||| qw: God list: Okawaru
     0 | D:1      | 0 ||| qw: Allow faded altars: false
     0 | D:1      | 0 ||| qw: Do Orc after D:15 true
     0 | D:1      | 0 ||| qw: Do second Lair branch before Depths: true
     0 | D:1      | 0 ||| qw: Lair rune preference: random
     0 | D:1      | 0 ||| qw: Plans: Normal
     0 | D:1      | 0 ||| PLANNING D:1-11
    91 | D:1      | 91 ||| Stepping ~*~*~tactically~*~*~ (stealth).
   244 | D:1      | Reached XP level 2. HP: 17/17 MP: 6/6
   247 | D:1      | Reached skill level 3 in Axes
   701 | D:1      | Reached XP level 3. HP: 21/21 MP: 7/7
   701 | D:1      | 701 ||| Stepping ~*~*~tactically~*~*~ (stealth).
  1014 | D:1      | Reached skill level 4 in Axes
  1380 | D:1      | 1380 ||| UPGRADING to +2 ring mail of willpower.
  1390 | D:1      | 1390 ||| DROPPING +0 leather armour.
  1391 | D:1      | 1391 ||| READING scroll labelled LUIHODW GELU.
  1392 | D:1      | 1392 ||| READING 2 scrolls labelled QAYGGU QAUKHLIA.
  1393 | D:1      | 1393 ||| READING scroll labelled XIEBRY ZUEX.
  1394 | D:1      | 1394 ||| READING scroll labelled FOYNYA GETHRYA.
  1398 | D:1      | 1398 ||| READING scroll labelled FUTEAGEVVI.
  1399 | D:1      | 1399 ||| DROPPING scroll of blinking.
  1400 | D:1      | 1400 ||| DROPPING scroll of butterflies.
  1442 | D:2      | Noticed Sigmund
  1443 | D:2      | 1443 ||| FLEEEEING.
  1444 | D:2      | 1444 ||| FLEEEEING.
  1445 | D:2      | 1445 ||| FLEEEEING.
  1446 | D:2      | 1446 ||| FLEEEEING.
  1449 | D:2      | 1449 ||| STAIRDANCE
  1520 | D:2      | 1520 ||| Stepping ~*~*~tactically~*~*~ (hiding).
  1531 | D:2      | Killed Sigmund
  1532 | D:2      | Reached skill level 6 in Axes
  1532 | D:2      | Reached XP level 4. HP: 7/26 MP: 8/8
  1532 | D:2      | Gained mutation: Your magical nature lets you fly swiftly
                  | and evasively. [Tengu growth]
  1532 | D:2      | Reached XP level 5. HP: 8/30 MP: 9/9
  1859 | D:2      | 1859 ||| DROPPING +0 club.
  1968 | D:2      | Found a basalt altar of Yredelemnul.
  2101 | D:2      | Reached XP level 6. HP: 28/35 MP: 10/10
  2159 | D:2      | 2159 ||| DROPPING +0 whip.
  2216 | D:2      | 2216 ||| Stepping ~*~*~tactically~*~*~ (hiding).
  2219 | D:2      | 2219 ||| Stepping ~*~*~tactically~*~*~ (stealth).
  2235 | D:2      | Reached skill level 7 in Axes
  2258 | D:2      | 2258 ||| Stepping ~*~*~tactically~*~*~ (stealth).
  2267 | D:2      | 2267 ||| Stepping ~*~*~tactically~*~*~ (stealth).
  2268 | D:2      | 2268 ||| Stepping ~*~*~tactically~*~*~ (stealth).
  2520 | D:2      | 2520 ||| DROPPING orb of light.
  2521 | D:2      | 2521 ||| UPGRADING to +0 pair of gloves.
  2526 | D:2      | 2526 ||| READING 2 scrolls labelled OCAAKHL VUTIERPHICOU.
  2527 | D:2      | 2527 ||| READING scroll labelled LIYCLAORHI.
  2528 | D:2      | 2528 ||| DROPPING +0 flail.
  2529 | D:2      | 2529 ||| DROPPING scroll of immolation.
  2575 | D:3      | 2575 ||| PLANNING SEWER
  2576 | D:3      | 2576 ||| STAIRDANCE
  2864 | D:3      | Noticed Grinder
  2865 | D:3      | 2865 ||| Stepping ~*~*~tactically~*~*~ (hiding).
  2881 | D:3      | Killed Grinder
  2882 | D:3      | Reached XP level 7. HP: 22/44 MP: 11/11
  3272 | D:3      | 3272 ||| RIP SEWER
  3295 | D:3      | 3295 ||| PLANNING D:1-11
  3304 | D:3      | 3304 ||| Stepping ~*~*~tactically~*~*~ (stealth).
  3474 | D:3      | 3474 ||| Stepping ~*~*~tactically~*~*~ (hiding).
  3555 | D:3      | 3555 ||| Stepping ~*~*~tactically~*~*~ (stealth).
  3590 | D:3      | 3590 ||| Stepping ~*~*~tactically~*~*~ (stealth).
  3597 | D:3      | 3597 ||| Stepping ~*~*~tactically~*~*~ (hiding).
  3892 | D:3      | Reached skill level 8 in Axes
  3927 | D:3      | Found a faded altar of an unknown god.
  4017 | D:3      | 4017 ||| DROPPING scarf of shadows.
  4018 | D:3      | 4018 ||| UPGRADING to amulet of regeneration.
  4023 | D:3      | 4023 ||| DRINKING 2 coppery potions.
  4130 | D:4      | 4130 ||| Stepping ~*~*~tactically~*~*~ (hiding).
  4163 | D:4      | Reached skill level 3 in Dodging
  4244 | D:4      | 4244 ||| Stepping ~*~*~tactically~*~*~ (hiding).
  4307 | D:4      | Reached XP level 8. HP: 48/48 MP: 12/12
  4375 | D:4      | Noticed Natasha
  4391 | D:4      | Killed Natasha
  4402 | D:4      | Noticed Edmund
  4412 | D:4      | HP: 7/48 [Edmund/+4 flail of protection (13)]
  4413 | D:4      | 4413 ||| READING 3 scrolls of teleportation.
  4413 | D:4      | Slain by Edmund

Levels and vault maps discovered:
D:1:      psy_arrival_radial01, layout_loops_corners, roderic_roman_lattice,
          minmay_misc_feat_rows
D:2:      layout_rooms, basic_altar, minivault_5, serial_bayou_lagoon_a,
          chequers_avenue, uniq_sigmund
D:3:      layout_loops_corners, ebering_ecumenical_altar_rust,
          portal_sewer_entry_e, uniq_grinder
D:4:      layout_loops_corners, minmay_crystal_room,
          minmay_a_box_with_orc_wizards_in_it, uniq_natasha, uniq_edmund

Skill      XL: |  1  2  3  4  5  6  7 |
---------------+----------------------+-----
Axes           | 3 6 7 8 |  8.9
Fighting       | 4 |  4.5
Dodging        | 3 |  3.2
Throwing       | |  1.4
Armour         | |  1.1
Spellcasting   | |  2.0
Translocations | |  2.4

Action                   |  1- 3 |  4- 6 |  7- 9 || total
-------------------------+-------+-------+-------++-------
Melee: Hand axe          |    53 |    92 |   128 ||   273
       Kick              |    12 |    35 |    41 ||    88
       Peck              |     5 |    18 |    21 ||    44
       Punch             |       |     1 |     2 ||     3
Throw: Javelin           |    16 |     9 |    10 ||    35
       Boomerang         |     7 |       |       ||     7
  Use: Scroll            |     5 |     2 |     1 ||     8
       Potion            |       |       |     1 ||     1
Armor: Leather armour    |    12 |       |       ||    12
       Ring mail         |       |    23 |    29 ||    52
Dodge: Dodged            |    31 |    49 |    63 ||   143

Table legend:
 A = Non-vault XP
 B = Vault XP
 C = Vault XP percentage of total XP
 D = Non-vault monster count
 E = Vault monster count
 F = Vault count percentage of total count
                 A         B        C        D         E       F
            +---------+---------+-------+---------+---------+-------
      Total |     747 |     693 |  48.1 |      83 |      15 |  15.3
            +---------+---------+-------+---------+---------+-------
        D:1 |      51 |       0 |   0.0 |      25 |       0 |   0.0
        D:2 |     117 |     226 |  65.9 |      15 |       1 |   6.2
        D:3 |     340 |     291 |  46.1 |      30 |       9 |  23.1
        D:4 |     239 |     176 |  42.4 |      13 |       5 |  27.8
            +---------+---------+-------+---------+---------+-------
